 Dungeon Crawl Stone Soup version 0.20.0-10-g0535bb4 (webtiles) character file.

352 Raukatau the Cleaver (level 6, -12/76 HPs)
             Began as a Minotaur Berserker on June 5, 2017.
             Was a Priest of Trog.
             Mangled by Menkaure (16 damage)
             ... on level 4 of the Dungeon.
             The game lasted 00:21:21 (3775 turns).

Raukatau the Cleaver (Minotaur Berserker)           Turns: 3775, Time: 00:21:22

Health: -12/76     AC:  8    Str: 27    XL:     6   Next: 35%
Magic:  5/5        EV: 12    Int:  5    God:    Trog [***...]
Gold:   206        SH:  0    Dex: 10    Spells: 5/5 levels left

rFire    . . .     SeeInvis .   a - +0 hand axe
rCold    . . .     Gourm    .   (no shield)
rNeg     . . .     Faith    .   b - +0 animal skin
rPois    .         Spirit   .   (helmet restricted)
rElec    .         Reflect  .   (no cloak)
rCorr    .         Harm     .   l - +1 pair of gloves
MR       ++...                  C - +3 pair of boots "Efiycoul" {Stlth+}
Stlth    ..........             (no amulet)
Regen    1.3/turn               (no ring)
MPRegen  0.1/turn               (no ring)

@: berserking, regenerating, very quick
A: retaliatory headbutt, horns 2
a: Berserk, Trog's Hand, Burn Spellbooks, Renounce Religion


You were on level 4 of the Dungeon.
You worshipped Trog.
Trog was most pleased with you.
You were very hungry.

You visited 1 branch of the dungeon, and saw 4 of its levels.

You collected 206 gold pieces.

Inventory:

Hand Weapons
 a - a +0 hand axe (weapon)
 n - a +0 blowgun
 v - a +2 short sword of draining
 B - a +0 halberd
Missiles
 d - 23 sling bullets
 e - 127 stones (quivered)
 p - 50 arrows
 s - 16 poisoned needles
Armour
 b - a +0 animal skin (worn)
 l - a +1 pair of gloves (worn)
 r - a +0 cloak
 t - a +0 scale mail
 w - a +0 scale mail
 C - the +3 pair of boots "Efiycoul" (worn) {Stlth+}
   (You found it on level 4 of the Dungeon)

   It makes you more stealthy.
Jewellery
 i - an uncursed ring of protection from fire {unknown}
Wands
 G - a wand of polymorph (10/24)
Scrolls
 g - 2 scrolls of teleportation
 m - 2 scrolls of identify
 y - a scroll of enchant armour
 F - a scroll of remove curse
 I - a scroll of blinking {unknown}
 J - a scroll of enchant weapon {unknown}
Potions
 h - a potion of lignification {unknown}
 j - 2 potions of curing
 k - 2 potions of invisibility {unknown}
 o - a potion of flight {unknown}
 q - a potion of brilliance {unknown}
 u - a potion of haste {unknown}
 x - a potion of agility {unknown}
 z - a potion of heal wounds {unknown}
 A - a potion of magic {unknown}
 D - a potion of mutation {unknown}
 E - a potion of berserk rage {unknown}
Comestibles
 c - 7 bread rations
 f - 2 meat rations


   Skills:
 - Level 3.6 Fighting
 + Level 8.7 Axes
 - Level 2.4 Armour
 - Level 2.1 Dodging


You had 5 spell levels left.
You didn't know any spells.

Dungeon Overview and Level Annotations

Branches:
Dungeon (4/15)
 Temple: D:4-7

Altars:
Dithmenos

Annotations:
D:4 Menkaure


Innate Abilities, Weirdness & Mutations

You reflexively headbutt those who attack you in melee.
You have a pair of horns on your head.


Message History

Menkaure calls on the powers of darkness!
Your body is wracked with pain!
Menkaure calls on the powers of darkness!
Your body is wracked with pain!
* * * LOW HITPOINT WARNING * * *
You feel the effects of Trog's Hand fading.
Menkaure casts a spell.
Menkaure seems to speed up.
The spellbook bursts into flames.
Trog is delighted!
Menkaure is engulfed in blazing flames.
A red film seems to cover your vision as you go berserk!
You feel yourself moving faster!
You feel mighty!
You are feeling very hungry.
You feel a strong urge to attack something.
Menkaure hits you!!
* * * LOW HITPOINT WARNING * * *
You hit Menkaure.
Menkaure is severely damaged.
Menkaure hits you!
You die...

#...≈≈P♣♣#..#))÷...<.....#
#....♣≈♣ #..#.###.########
#.....## #..#.).#.........
#.....# #..###.##########
#.....# ##.###.# #.....#
#..##.# #.....# #.>##.#
#.....#####..##.########
####..§.M@..)).........#
#.######.)##.######.# #.#
#..##.# #.# #.# #..##.#
#.# #.# #..##.# #.#
###########.#
#.)##.######.#
............#
#..#.........#
#############
#..########### #..####


You could see Menkaure.

Vanquished Creatures
  2 orc priests (D:4)
  2 orc wizards
  A worker ant (D:4)
  4 gnolls (D:4)
  8 adders
  2 oozes
  3 worms (D:2)
  3 leopard geckos
  11 orcs
  3 giant cockroaches
  6 goblins
  5 hobgoblins
  7 jackals
  2 quokkas
  11 bats
  3 frilled lizards
  6 kobolds
  A leopard gecko skeleton (D:4)
  9 rats
89 creatures vanquished.

Notes
Turn   | Place    | Note
-------+----------+-------------------------------------------
     0 | D:1      | Raukatau the Minotaur Berserker began the quest for the Orb.
     0 | D:1      | Reached XP level 1. HP: 19/19 MP: 0/0
   127 | D:1      | Reached skill level 4 in Axes
   446 | D:1      | Reached XP level 2. HP: 25/26 MP: 1/1
   939 | D:2      | Reached skill level 5 in Axes
  1019 | D:2      | Reached XP level 3. HP: 31/31 MP: 2/2
  1235 | D:2      | Reached ** piety under Trog
  1806 | D:2      | Reached XP level 4. HP: 32/39 MP: 3/3
  1989 | D:3      | Reached skill level 6 in Axes
  2353 | D:3      | Reached XP level 5. HP: 45/45 MP: 4/4
  2443 | D:3      | Found a shadowy altar of Dithmenos.
  2454 | D:3      | Reached skill level 7 in Axes
  3142 | D:4      | Got a pair of steaming boots
  3175 | D:4      | Identified the +3 pair of boots "Efiycoul" {Stlth+} (You found it on level 4 of the Dungeon)
  3466 | D:4      | Reached skill level 8 in Axes
  3483 | D:4      | Reached *** piety under Trog
  3499 | D:4      | Reached XP level 6. HP: 48/51 MP: 5/5
  3736 | D:4      | Noticed Menkaure
  3775 | D:4      | Mangled by Menkaure

Skill      XL: |  1  2  3  4  5 |
---------------+----------------+-----
Axes           | 4 5 6 8 |  8.7
Fighting       | |  3.6
Armour         | |  2.4
Dodging        | |  2.1

Action                   |  1- 3 |  4- 6 || total
-------------------------+-------+-------++-------
Melee: Hand axe          |    87 |   108 ||   195
       Headbutt          |    10 |    15 ||    25
Invok: Berserk           |     8 |     8 ||    16
       Burn Spellbooks   |       |     2 ||     2
       Trog's Hand       |       |     1 ||     1
  Use: Scroll            |       |     7 ||     7
 Stab: Sleeping          |     1 |     3 ||     4
  Eat: Chunk             |    11 |    13 ||    24
Armor: Animal skin       |    15 |    18 ||    33
Dodge: Dodged            |    62 |    39 ||   101
